 Dungeon Crawl Stone Soup version 0.31-a0-654-gbe3e110b4e (webtiles) character file.

Game seed: 16068714715231733103

1514 thirtiethelement the Magician (level 8, -8/49 (54) HPs)
             Began as a Demonspawn Necromancer on Aug 30, 2023.
             Was an Initiate of Sif Muna.
             Mangled by a wight
             ... wielding a +0 trident
              (12 damage)
             ... on level 6 of the Dungeon.
             The game lasted 00:21:44 (6837 turns).

thirtiethelement the Magician (DsNe)                Turns: 6837, Time: 00:21:45

HP:   -8/49 (54)    AC:  4    Str: 13    XL:     8   Next: 53%
MP:   8/18          EV: 12    Int: 24    God:    Sif Muna [......]
Gold: 223           SH:  0    Dex: 18    Spells: 3/20 levels left

rFire   . . .        f - staff of earth
rCold   . . .        (no shield)
rNeg    . . .        c - +0 leather armour
rPois   +            (no helmet)
rElec   .            (no cloak)
rCorr   .            (no gloves)
SInv    .            y - +0 pair of boots
Will    .....        (no amulet)
Stlth   ++           k - +6 ring of strength
HPRegen 0.28/turn    s - +6 ring of dexterity
MPRegen 0.16/turn

%: no passive effects
@: drained
A: ignite blood 2, demonic touch 2, clever 1, poison resistance, MP-powered
wands
a: Renounce Religion


You were on level 6 of the Dungeon.
You worshipped Sif Muna.
Sif Muna was noncommittal.
You visited 2 branches of the dungeon, and saw 7 of its levels.
You also visited: Sewer.

You collected 223 gold pieces.

Inventory:

Hand Weapons
 a - a +0 short sword
 h - a +0 dagger
Missiles
 B - 5 atropa-tipped darts (quivered)
Armour
 c - a +0 leather armour (worn)
 y - a +0 pair of boots (worn)
Magical Staves
 f - a staff of earth (weapon)
Jewellery
 k - a +6 ring of strength (left hand)
 s - a +6 ring of dexterity (right hand)
 z - a ring of resist corrosion
 D - a ring of willpower
Wands
 u - a wand of quicksilver (7)
Scrolls
 b - 2 scrolls of poison {unknown}
 g - a scroll of identify
 j - a scroll of torment
 l - 3 scrolls of fear
 m - 2 scrolls of teleportation
 q - 3 scrolls of amnesia
 w - a scroll of revelation {unknown}
 A - a scroll of blinking {unknown}
 C - a scroll of noise {unknown}
Potions
 d - a potion of ambrosia
 e - 4 potions of brilliance {unknown}
 i - a potion of cancellation {unknown}
 n - 2 potions of heal wounds {unknown}
 o - a potion of invisibility {unknown}
 p - a potion of attraction {unknown}
 r - a potion of enlightenment
 t - 2 potions of lignification
 v - 2 potions of haste
 x - a potion of curing


   Skills:
 + Level 1.0 Fighting
 + Level 0.3 Short Blades
 + Level 2.3 Armour
 + Level 2.7 Dodging
 + Level 2.6 Stealth
 + Level 6.8 Spellcasting
 + Level 2.0 Conjurations
 + Level 4.9 Necromancy
 + Level 5.0 Earth Magic


You had 3 spell levels left.
You knew the following spells:

 Your Spells              Type           Power      Damage    Failure   Level
a - Necrotise             Necr           100%       1d9       1%          1
b - Vampiric Draining     Necr           31%        2d8       3%          3
c - Sandblast             Erth           96%        2d20      1%          1
d - Stone Arrow           Conj/Erth      74%        3d11      6%          3
e - Passwall              Tmut/Erth      25%        N/A       4%          2
f - Petrify               Tmut/Erth      30%        N/A       32%         4
g - Frozen Ramparts       Ice            16%        1d3       28%         3

Your spell library contained the following spells:

 Spells                   Type           Power      Damage    Failure   Level
 Cigotuvi's Dreadful Rot  Necr/Pois/Air  32%        N/A       7%          2
 Animate Dead             Necr           31%        N/A       12%         4
 Dispel Undead            Necr           31%        3d14      12%         4
 Agony                    Necr           31%        N/A       34%         5
 Death Channel            Necr           15%        N/A       88%         6
 Metabolic Englaciation   Hex/Ice        4%         N/A       95%         5


Dungeon Overview and Level Annotations

Branches:
Dungeon (6/15)             Temple (1/1) D:5           Sewer (visited)

Altars:
Ashenzari
Cheibriados
Dithmenos
Fedhas
Gozag
Hepliaklqana
Makhleb
Nemelex Xobeh
Okawaru
Qazlal
Ru
Sif Muna
Trog
Uskayaw
Vehumet
Wu Jian

Shops:
D:1 (


Innate Abilities, Weirdness & Mutations

Your demonic aura often causes spilled blood to erupt in flames.
Your touch may inflict irresistible damage on your foes.
Your mind is acute. (Int +4, Str/Dex -1)
Your system is resistant to poisons. (rPois)
You expend magic power (3 MP) to strengthen your wands.


Message History

Aim: a wight, wielding a +0 spear and wearing a +0 robe (74% to hit)
You feel a surge of power!
The stone arrow misses the wight.
The wight barely misses you.
The wight hits you from afar with a +0 spear!
You feel drained.
Casting: Stone Arrow (dangerous; 7% risk of failure)
Confirm with . or Enter, or press ? or * to list all spells.
Aiming: Stone Arrow (dangerous; 7% risk of failure)
Press: ? - help, Shift-Dir - straight line, f/p - wight
Aim: a wight, wielding a +0 spear and wearing a +0 robe (74% to hit)
You feel a surge of power!
The stone arrow hits the wight!
The wight is severely damaged.
The wight barely misses you.
The wight hits you from afar with a +0 spear.
You feel drained.
Casting: Stone Arrow (dangerous; 7% risk of failure)
Confirm with . or Enter, or press ? or * to list all spells.
Aiming: Sandblast (safe; 1% risk of failure)
Press: ? - help, Shift-Dir - straight line, f/p - wight
Aim: a wight, wielding a +0 spear and wearing a +0 robe (severely damaged, 85% to hit)
You feel a surge of power!
The blast of sand hits the wight.
The wight is severely damaged.
The wight hits you from afar with a +0 trident!
You feel drained. The wight closely misses you.
Casting: Sandblast (safe; 1% risk of failure)
Confirm with . or Enter, or press ? or * to list all spells.
Aiming: Stone Arrow (dangerous; 7% risk of failure)
Press: ? - help, Shift-Dir - straight line, f/p - wight
Aim: a wight, wielding a +0 spear and wearing a +0 robe (severely damaged, 74% to hit)
You feel a surge of power!
The stone arrow hits the wight!
You destroy the wight!
Sif Muna accepts your kill.
The wight hits you from afar with a +0 trident!
You feel drained.
Your Fighting skill increases to level 1!
Your Conjurations skill increases to level 2!
The gnoll hits you from afar with a +0 halberd!
* * * LOW HITPOINT WARNING * * *
The wight hits you from afar with a +0 trident!
You die...

#.# #.#
#.# #.#
#.# #.#
#.# #@#
#.....#
#.##z.gz
# #.##!#
... ...
##. ###
. ..


You could see 2 wights and a gnoll.

Vanquished Creatures
  A steam dragon (D:4)
  A water moccasin (D:4)
  2 black bears
  An ice beast (D:5)
  An ogre (D:5)
  A phantom (D:5)
  2 scorpions
  3 wights
  The ghost of soul19 the Changeling, a weakling DgSh (D:3)
  2 hounds (D:5)
  A jelly (D:5)
  Natasha (thrice) (D:2)
  4 orc wizards
  3 gnolls (D:5)
  5 river rats (Sewer)
  7 adders
  A white imp (D:5)
  An ufetubus (D:5)
  2 worms
  2 dart slugs
  17 orcs
  4 bats
  4 endoplasms
  5 giant cockroaches
  9 hobgoblins
  4 jackals (D:1)
  7 quokkas
  11 ball pythons
  13 frilled lizards
  6 goblins
  10 kobolds
  19 rats
153 creatures vanquished.

Vanquished Creatures (collateral kills)
  A dart slug (D:3)
  A giant cockroach (D:2)
  A ball python (Sewer)
  A rat (Sewer)
4 creatures vanquished.

Grand Total: 157 creatures vanquished

Notes
Turn   | Place    | Note
-------+----------+-------------------------------------------
     0 | D:1      | thirtiethelement the Demonspawn Necromancer began the quest
                  | for the Orb.
     0 | D:1      | Reached XP level 1. HP: 13/13 MP: 3/3
   330 | D:1      | Gained mutation: Your touch may inflict minor irresistible
                  | damage on your foes. [demonic ancestry]
   330 | D:1      | Reached XP level 2. HP: 12/19 MP: 0/5
   569 | D:1      | Found a faded altar of an unknown god.
   692 | D:1      | Reached XP level 3. HP: 24/24 MP: 7/7
   905 | D:1      | Found Noviwing's Antique Weapon Shop.
  1102 | D:2      | Learned a level 3 spell: Vampiric Draining
  1104 | D:2      | Learned a level 1 spell: Sandblast
  1322 | D:2      | Found a stormy altar of Qazlal.
  1595 | D:2      | Noticed Natasha
  1602 | D:2      | Killed Natasha
  1603 | D:2      | Reached skill level 3 in Spellcasting
  1603 | D:2      | Reached XP level 4. HP: 18/30 MP: 1/8
  1765 | D:2      | Noticed Natasha
  1775 | D:2      | Killed Natasha
  1776 | D:2      | Reached skill level 1 in Armour
  2307 | D:2      | Noticed Natasha
  2315 | D:2      | Killed Natasha
  2437 | D:3      | Reached skill level 1 in Earth Magic
  2437 | D:3      | Gained mutation: Your demonic aura sometimes causes spilled
                  | blood to erupt in flames. [demonic ancestry]
  2437 | D:3      | Reached XP level 5. HP: 33/35 MP: 2/10
  2616 | D:3      | Found a runed translucent door.
  2623 | D:3      | Noticed soul19's ghost (weakling DgSh)
  2696 | D:3      | Reached skill level 4 in Spellcasting
  2857 | D:3      | Found a glowing drain.
  2867 | Sewer    | Entered a sewer
  3200 | Sewer    | Reached XP level 6. HP: 36/42 MP: 8/12
  3339 | Sewer    | Gained mutation: Your system is resistant to poisons.
                  | (rPois) [potion of mutation]
  3339 | Sewer    | Gained mutation: Your mind is acute. (Int +4, Str/Dex -1)
                  | [potion of mutation]
  3339 | Sewer    | Gained mutation: You expend magic power (3 MP) to
                  | strengthen your wands. [potion of mutation]
  3870 | D:3      | Found a sacrificial altar of Ru.
  4037 | D:3      | Killed soul19's ghost
  4049 | D:3      | Learned a level 3 spell: Stone Arrow
  4052 | D:3      | Learned a level 2 spell: Passwall
  4187 | D:4      | Noticed a water moccasin
  4190 | D:4      | Killed a water moccasin
  4702 | D:4      | Found a blossoming altar of Fedhas.
  4840 | D:4      | Gained mutation: Your demonic aura often causes spilled
                  | blood to erupt in flames. [demonic ancestry]
  4840 | D:4      | Reached XP level 7. HP: 47/47 MP: 12/14
  4978 | D:4      | Noticed a steam dragon
  4984 | D:4      | Killed a steam dragon
  4985 | D:4      | Reached skill level 5 in Spellcasting
  5210 | D:5      | Entered Level 5 of the Dungeon
  5594 | D:5      | Found a radiant altar of Vehumet.
  5720 | D:5      | Found a staircase to the Ecumenical Temple.
  5735 | Temple   | Entered the Ecumenical Temple
  5745 | Temple   | Became a worshipper of Sif Muna the Loreminder
  5859 | D:5      | Reached skill level 6 in Spellcasting
  6153 | D:5      | Gained mutation: Your touch may inflict irresistible damage
                  | on your foes. [demonic ancestry]
  6153 | D:5      | Reached XP level 8. HP: 51/53 MP: 3/17
  6256 | D:5      | Reached skill level 1 in Conjurations
  6709 | D:5      | Reached skill level 5 in Earth Magic
  6827 | D:5      | Learned a level 4 spell: Petrify
  6831 | D:5      | Learned a level 3 spell: Frozen Ramparts
  6837 | D:6      | Reached skill level 1 in Fighting
  6837 | D:6      | Mangled by a wight

Illustrated notes

Levels and vault maps discovered:
D:1:      dpeg_arrival_tiny_g, layout_loops_ring, serial_shops, shop,
          ebering_ecumenical_altar_box
D:2:      layout_rooms, basic_altar, serial_rivers,
          chequers_serial_rivers_micro_d, chequers_serial_rivers_large_a,
          chequers_serial_rivers_marsh, chequers_serial_rivers_room_b,
          chequers_serial_rivers_large_b, uniq_natasha
D:3:      layout_basic, nicolae_ru_the_path_less_chosen,
          gup_sewer_entry_bubbles, ebering_ghost_reflecting_pool,
          kennysheep_generic_room_10
D:4:      layout_loops_ring, lemuel_crystal_altar
D:5:      layout_basic, kennysheep_mini, temple_fountains
D:6:      layout_loops_ring, mainiacjoe_overflow_paths,
          gammafunk_ghost_cemetery, minmay_misc_feat_rows
Temple:   nicolae_temple_great_sept

Skill      XL: |  1  2  3  4  5  6  7  8 |
---------------+-------------------------+-----
Dodging        | 2 |  2.7
Spellcasting   | 3 4 6 |  6.8
Armour         | 1 2 |  2.3
Earth Magic    | 1 2 3 4 5 |  5.0
Stealth        | 2 |  2.6
Conjurations   | 2 |  2.0
Fighting       | 1 |  1.0
Short Blades   | |  0.3
Necromancy     | |  4.9

Action                     |  1- 3 |  4- 6 |  7- 9 || total
---------------------------+-------+-------+-------++-------
  Melee: Unarmed           |    12 |       |       ||    12
         Short sword       |    41 |       |       ||    41
         Touch             |     8 |     4 |       ||    12
         Punch             |     2 |       |       ||     2
         Staff             |       |    28 |       ||    28
   Cast: Necrotise         |    33 |    19 |       ||    52
         Sandblast         |    17 |   105 |    28 ||   150
         Vampiric Draining |       |     3 |       ||     3
         Stone Arrow       |       |     1 |    31 ||    32
    Use: Potion            |       |     3 |       ||     3
         Scroll            |       |    10 |       ||    10
   Stab: Sleeping          |     1 |     2 |       ||     3
 Armour: Leather armour    |    14 |    15 |     5 ||    34
         Robe              |     1 |       |       ||     1
  Dodge: Dodged            |    51 |    56 |    24 ||   131

Table legend: (Time is in decaauts)
 A = Elapsed time spent in this place.
 B = Non-inter-level travel time spent in this place.
 C = Inter-level travel time spent in this place.
 D = Time resting spent in this place.
 E = Time spent auto-exploring this place.
 F = Levels seen in this place.
 G = Mean time per level.
                   A        B        C        D        E       F      G
               +--------+--------+--------+--------+--------+-----+--------+
         Total |   7006 |   6904 |    102 |   1045 |   4207 |   8 |  875.8 |
       Dungeon |   6469 |   6367 |    102 |    861 |   4207 |   6 | 1078.2 |
        Temple |     20 |     20 |      0 |      0 |      0 |   1 |   20.0 |
         Sewer |    516 |    516 |      0 |    184 |      0 |   1 |  516.0 |
               +--------+--------+--------+--------+--------+-----+--------+

Top non-repeatable levels by time:
     D:5: 1598 daAuts
     D:2: 1349 daAuts
     D:3: 1307 daAuts
     D:4: 1155 daAuts
     D:1: 1038 daAuts
   Sewer: 516 daAuts
     D:6: 21 daAuts
  Temple: 20 daAuts
